 Dungeon Crawl Stone Soup version 0.31-a0-920-g28cbb04a8c (webtiles) character file.

Game seed: 15020519989539376543

2123 croobank the Covert (level 9, -3/74 HPs)
             Began as a Gnoll Delver on Oct 17, 2023.
             Was an Initiate of Gozag.
             Slain by an orc knight
             ... wielding a +0 halberd
              (22 damage)
             ... in a bailey.
             The game lasted 00:19:28 (5200 turns).

croobank the Covert (Gnoll Delver)                  Turns: 5200, Time: 00:19:29

Health: -3/74      AC:  5    Str: 19    XL:     9   Next: 29%
Magic:  3/15       EV: 19    Int: 13    God:    Gozag
Gold:   616        SH:  0    Dex: 13    Spells: 8/16 levels left

rFire   . . .        f - +5 whip (distort)
rCold   . . .        (no shield)
rNeg    . . .        s - +2 robe "Iqoso" {+Inv Str+6 Stlth- Archmagi}
rPois   .            (no helmet)
rElec   .            (no cloak)
rCorr   .            (no gloves)
SInv    .            B - +0 pair of boots
Will    .....        (no amulet)
Stlth   +++          u - +5 ring of evasion
HPRegen 0.32/turn    (no ring)
MPRegen 0.14/turn

%: archmagi
@: gold aura
A: fangs 1, strong nose, distributed training
a: Renounce Religion, Evoke Invisibility, Potion Petition, Call Merchant, Bribe
Branch


You were in a bailey.
You worshipped Gozag.
Gozag was pleased with you.
You visited 2 branches of the dungeon, and saw 8 of its levels.
You also visited: Bailey.

You collected 683 gold pieces.
You paid 67 gold pieces to Gozag.

Inventory:

Hand Weapons
 a - a +0 vampiric short sword
 e - a +0 dagger
 f - a +5 whip of distortion (weapon)
 x - a +2 hand axe of freezing
 y - a +1 antimagic scythe
Missiles
 h - a boomerang
 m - 11 poisoned darts
 n - 5 javelins
Armour
 b - a +0 leather armour
 s - the +2 robe "Iqoso" (worn) {+Inv Str+6 Stlth- Archmagi}
   (You found it on level 3 of the Dungeon)

   Str+6:     It affects your strength (+6).
   +Inv:      It lets you turn invisible.
   Stlth-:    It makes you less stealthy.
   Archmagi:  It increases the power of your magical spells.
 B - a +0 pair of boots (worn)
Magical Staves
 v - a staff of death
 F - a staff of air
Jewellery
 u - a +5 ring of evasion (left hand)
 w - a +6 ring of intelligence
Wands
 g - a wand of digging (5)
 E - a wand of quicksilver (10)
Scrolls
 c - 2 scrolls of fog
 d - a scroll of revelation
 i - 3 scrolls of teleportation
 D - a scroll of blinking
Potions
 j - 4 potions of enlightenment
 k - a potion of heal wounds
 l - a potion of lignification
 o - 4 potions of curing
 p - 2 potions of ambrosia
 q - a potion of resistance
 r - 2 potions of brilliance {unknown}
 t - a potion of might {unknown}
 z - a potion of invisibility {unknown}
 A - a potion of mutation {unknown}


   Skills:
 + Level 7.8 Fighting
 + Level 6.3 Short Blades
 + Level 4.2 Long Blades
 + Level 4.2 Axes
 + Level 4.2 Maces & Flails
 + Level 4.2 Polearms
 + Level 4.2 Staves
 + Level 4.2 Ranged Weapons
 + Level 4.2 Throwing
 + Level 4.2 Armour
 + Level 6.3 Dodging
 + Level 10.5 Stealth
 + Level 4.2 Shields
 + Level 4.2 Unarmed Combat
 + Level 4.2 Spellcasting
 + Level 3.4 Conjurations
 + Level 3.4 Hexes
 + Level 3.4 Summonings
 + Level 3.4 Necromancy
 + Level 3.4 Translocations
 + Level 3.4 Transmutations
 + Level 3.4 Fire Magic
 + Level 3.4 Ice Magic
 + Level 3.4 Air Magic
 + Level 3.4 Earth Magic
 + Level 3.4 Poison Magic
 + Level 4.6 Invocations
 + Level 4.2 Evocations
 + Level 3.8 Shapeshifting


You had 8 spell levels left.
You knew the following spells:

 Your Spells              Type           Power      Damage    Failure   Level
a - Confusing Touch       Hex            17%        N/A       14%         3
b - Stone Arrow           Conj/Erth      34%        3d9       14%         3
c - Poisonous Vapours     Pois/Air       34%        N/A       8%          2

Your spell library contained the following spells:

 Spells                   Type           Power      Damage    Failure   Level
 Kiss of Death            Conj/Necr      68%        2d10      4%          1
 Sandblast                Erth           34%        2d9       4%          1
 Passwall                 Tmut/Erth      14%        N/A       8%          2
 Mephitic Cloud           Conj/Pois/Air  17%        N/A       14%         3
 Brom's Barrelling Bould  Conj/Erth      17%        2d4       43%         4
 Dispel Undead            Necr           17%        3d10      43%         4
 Passage of Golubria      Tloc           17%        N/A       43%         4
 Freezing Cloud           Conj/Ice/Air   8%         6-21      80%         5
 Silence                  Hex/Air        8%         N/A       80%         5
 Conjure Ball Lightning   Conj/Air       8%         3x3d6     100%        6
 Discord                  Hex            8%         N/A       100%        8
 Disjunction              Tloc           8%         N/A       100%        8
 Lehudib's Crystal Spear  Conj/Erth      8%         10d4      100%        8


Dungeon Overview and Level Annotations

Branches:
Dungeon (7/15)             Temple (1/1) D:4          Bailey (1/1)

Altars:
Ashenzari
Dithmenos
Elyvilon
Fedhas
Gozag
Kikubaaqudgha
Makhleb
Nemelex Xobeh
Okawaru
Qazlal
Ru
Sif Muna
Trog
Uskayaw
Vehumet
Wu Jian
Yredelemnul
Zin

Shops:
D:7 [:

Annotations:
Bailey 2 runed translucent doors


Innate Abilities, Weirdness & Mutations

You have very sharp teeth.
Your uncanny sense of smell can sniff out nearby items.
Your experience applies equally to all skills.


Message History

The orc knight shouts!
You hear a shout!
The orc hits you but does no damage.
There is a large open door here.
You closely miss the orc. The orc closely misses you.
The orc hits itself with a +0 halberd.
The orc completely misses you. The orc barely misses you.
Casting: Confusing Touch (dangerous; 16% risk of failure)
Confirm with . or Enter, or press ? or * to list all spells.
Aiming: Poisonous Vapours (safe; 8% risk of failure)
Press: ? - help, Dir - move target, f - orc
Aim: an orc, wielding a +0 halberd and wearing a +0 scale mail (lightly wounded, confused)
You feel a surge of power!
Poisonous vapours surround the orc!
The orc is poisoned.
The orc barely misses the orc.
The orc hits itself but does no damage.
The orc closely misses you.
Casting: Poisonous Vapours (safe; 8% risk of failure)
Confirm with . or Enter, or press ? or * to list all spells.
You feel a surge of power!
Your hands begin to glow red.
The orc knight misses you.
The orc hits you from afar with a +0 halberd!
You closely miss the orc knight. The orc closely misses you.
The orc knight roars a battlecry!
The orc goes into a battle-frenzy!
You hit the orc knight but do no damage.
The orc knight appears confused.
Your punch misses the orc knight.
You kill the orc!
The orc hits you from afar with a +0 halberd.
You hit the orc knight but do no damage.
Space warps horribly around the orc knight!
The orc knight is moderately wounded.
The orc hits you from afar with a +0 halberd!
* * * LOW HITPOINT WARNING * * *
Aiming: Quicksilver Bolt
Press: ? - help, Shift-Dir - straight line, f - orc knight
Aim: an orc knight, wielding a +0 halberd and wearing a +0 scale mail (moderately wounded, confused, 88% to hit)
The bolt of dispelling energy hits the orc knight!
The orc knight is heavily wounded.
The orc knight's magical effects unravel!
The orc knight hits you from afar with a +0 halberd!!
You die...
Your body crumbles into a pile of gold.

#..#e.# #..# #.o#..#
#o.# #..#∆∆∆∆∆∆#..#
#..# ∆∆∆∆ #..#
#..########..#
##...8)...8...##
#..$...)o.o....#
#$.####''####.$#
.####...o$@..####..
.......)...........
≈............♣....♣
≈≈≈...#....#...♣♣♣♣
≈≈≈≈≈≈#....#≈≈≈≈≈♣♣#
≈≈≈≈≈≈#....#≈≈≈≈≈≈≈#
≈≈≈≈≈ #....#≈≈≈≈≈≈≈#
..≈≈≈≈#....#≈≈≈≈≈≈≈#
......#....#....≈≈≈#


You could see an orc knight and an orc (strong).

Vanquished Creatures
  Sigmund (D:4)
  Eustachio (D:4)
  Duvessa (D:4)
  A water moccasin (D:5)
  An orc warrior (Bailey)
  An ice beast (D:5)
  An ogre (D:6)
  6 scorpions
  Dowan (D:4)
  A howler monkey (D:5)
  2 hounds
  2 orc priests (D:4)
  2 iguanas
  A sleepcap (D:5)
  4 orc wizards
  9 gnolls
  7 adders
  4 shadow imps
  A white imp (D:5)
  4 ufetubi (D:6)
  3 worms (D:3)
  4 dart slugs
  17 orcs
  3 bats
  9 endoplasms
  4 giant cockroaches
  5 goblins
  7 hobgoblins
  3 quokkas
  5 ball pythons
  3 frilled lizards
  5 kobolds
  8 rats
127 creatures vanquished.

Notes
Turn   | Place    | Note
-------+----------+-------------------------------------------
     0 | D:5      | Reached skill level 9 in Stealth
     0 | D:5      | croobank the Gnoll Delver began the quest for the Orb.
     0 | D:5      | Reached XP level 1. HP: 23/23 MP: 1/1
    30 | D:5      | Noticed a scorpion
    43 | D:4      | Noticed Sigmund
    59 | D:4      | Noticed Duvessa
    60 | D:4      | Noticed Dowan
    87 | D:3      | Found an iron altar of Okawaru.
   198 | D:3      | Reached XP level 2. HP: 27/29 MP: 2/2
   330 | D:2      | Reached XP level 3. HP: 30/35 MP: 3/3
   560 | D:1      | Found a faded altar of an unknown god.
   560 | D:1      | Noticed a great orb of eyes
   566 | D:1      | Reached skill level 1 in Invocations
   568 | D:1      | Noticed an eye of devastation
   568 | D:1      | Noticed a golden eye
   568 | D:1      | Noticed a shining eye
  1104 | D:2      | Reached skill level 1 in Long Blades
  1104 | D:2      | Reached skill level 1 in Axes
  1104 | D:2      | Reached skill level 1 in Maces & Flails
  1104 | D:2      | Reached skill level 1 in Polearms
  1104 | D:2      | Reached skill level 1 in Staves
  1104 | D:2      | Reached skill level 1 in Ranged Weapons
  1104 | D:2      | Reached skill level 1 in Throwing
  1104 | D:2      | Reached skill level 1 in Armour
  1104 | D:2      | Reached skill level 1 in Shields
  1104 | D:2      | Reached skill level 1 in Unarmed Combat
  1104 | D:2      | Reached skill level 1 in Spellcasting
  1104 | D:2      | Reached skill level 1 in Evocations
  1241 | D:2      | Reached XP level 4. HP: 40/41 MP: 5/5
  1447 | D:3      | Identified the +2 robe "Iqoso" {+Inv Str+6 Stlth- Archmagi}
  1483 | D:3      | Reached skill level 1 in Shapeshifting
  1692 | D:3      | Reached skill level 1 in Conjurations
  1692 | D:3      | Reached skill level 1 in Hexes
  1692 | D:3      | Reached skill level 1 in Summonings
  1692 | D:3      | Reached skill level 1 in Necromancy
  1692 | D:3      | Reached skill level 1 in Translocations
  1692 | D:3      | Reached skill level 1 in Transmutations
  1692 | D:3      | Reached skill level 1 in Fire Magic
  1692 | D:3      | Reached skill level 1 in Ice Magic
  1692 | D:3      | Reached skill level 1 in Air Magic
  1692 | D:3      | Reached skill level 1 in Earth Magic
  1692 | D:3      | Reached skill level 1 in Poison Magic
  1791 | D:3      | Reached XP level 5. HP: 33/47 MP: 5/7
  1927 | D:4      | Found a staircase to the Ecumenical Temple.
  1937 | D:4      | Killed Sigmund
  1938 | D:4      | Reached skill level 5 in Short Blades
  1938 | D:4      | Reached skill level 5 in Dodging
  1938 | D:4      | Reached XP level 6. HP: 42/53 MP: 8/8
  1988 | D:4      | Noticed Eustachio
  1995 | Temple   | Entered the Ecumenical Temple
  2004 | Temple   | Became a worshipper of Gozag Ym Sagoz the Greedy
  2059 | D:4      | Killed Eustachio
  2082 | D:4      | Learned a level 3 spell: Confusing Touch
  2297 | D:4      | Learned a level 3 spell: Stone Arrow
  2410 | D:4      | Killed Duvessa
  2411 | D:4      | Reached XP level 7. HP: 56/60 MP: 10/10
  2426 | D:4      | Killed Dowan
  2536 | D:4      | Reached skill level 10 in Stealth
  2916 | D:5      | Reached XP level 8. HP: 67/67 MP: 12/12
  2931 | D:5      | Learned a level 2 spell: Poisonous Vapours
  3128 | D:5      | Found a large runed translucent door.
  3128 | D:5      | Found a large runed translucent door.
  3147 | D:5      | Found a broken altar of Ashenzari.
  3164 | D:5      | Found a sacrificial altar of Ru.
  3303 | D:5      | Found a bloodstained altar of Trog.
  3509 | D:5      | Found an ornate altar of the Wu Jian Council.
  4480 | D:6      | Reached XP level 9. HP: 63/73 MP: 8/14
  4701 | D:6      | Found a burning altar of Makhleb.
  4701 | D:6      | Noticed an Executioner
  4704 | D:6      | Noticed an orange demon
  4953 | D:7      | Found Bijannor's Antique Armour Shoppe.
  5052 | D:7      | Found Forie's Book Shoppe.
  5079 | D:7      | Found a flagged portal.
  5090 | Bailey   | Entered a bailey
  5127 | Bailey   | Found a large runed translucent door.
  5127 | Bailey   | Found a large runed translucent door.
  5128 | Bailey   | Noticed a deep elf zephyrmancer
  5192 | Bailey   | Noticed an orc knight
  5200 | Bailey   | Slain by an orc knight

Illustrated notes

Levels and vault maps discovered:
D:1:      ebering_hopf_link, layout_loops_ring,
          hellmonk_ecumenical_altar_watching_god
D:2:      layout_basic
D:3:      layout_rooms, okawaru_trees_1
D:4:      layout_basic, minmay_temple_entry_ruins, uniq_eustachio, uniq_duvessa,
          uniq_sigmund
D:5:      layout_loops_ring, jmf_multi_god_temple2, nzn_wu_jian_council_hall,
          trog_three_pillars_becter, glass_columns_b
D:6:      layout_loops_cross, makhleb_altar_promises_db
D:7:      layout_rooms, enter_bailey_2, serial_shops, nicolae_shop_hallway_plus,
          kennysheep_mini, nicolae_shop_just_a_little_nook, shop,
          grunt_decor_mini_mirrors, nicolae_figureground_sparkle
Temple:   hellmonk_temple_two_chambers
Bailey:   bailey_polearm_elven_captive_hellmonk, bailey

Skill      XL: |  1  2  3  4  5  6  7  8  9 |
---------------+----------------------------+-----
Stealth        | 10 | 10.5
Invocations    | 1 2 3 4 |  4.6
Long Blades    | 1 2 3 4 |  4.2
Axes           | 1 2 3 4 |  4.2
Maces & Flails | 1 2 3 4 |  4.2
Polearms       | 1 2 3 4 |  4.2
Staves         | 1 2 3 4 |  4.2
Ranged Weapons | 1 2 3 4 |  4.2
Throwing       | 1 2 3 4 |  4.2
Armour         | 1 2 3 4 |  4.2
Shields        | 1 2 3 4 |  4.2
Unarmed Combat | 1 2 3 4 |  4.2
Spellcasting   | 1 2 3 4 |  4.2
Evocations     | 1 2 3 4 |  4.2
Shapeshifting  | 1 2 3 |  3.8
Conjurations   | 1 2 3 |  3.4
Hexes          | 1 2 3 |  3.4
Summonings     | 1 2 3 |  3.4
Necromancy     | 1 2 3 |  3.4
Translocations | 1 2 3 |  3.4
Transmutations | 1 2 3 |  3.4
Fire Magic     | 1 2 3 |  3.4
Ice Magic      | 1 2 3 |  3.4
Air Magic      | 1 2 3 |  3.4
Earth Magic    | 1 2 3 |  3.4
Poison Magic   | 1 2 3 |  3.4
Short Blades   | 5 6 |  6.3
Dodging        | 5 6 |  6.3
Fighting       | 7 |  7.8

Action                     |  1- 3 |  4- 6 |  7- 9 || total
---------------------------+-------+-------+-------++-------
  Melee: Short sword       |    28 |       |       ||    28
         Bite              |     8 |     4 |    24 ||    36
         Punch             |     1 |     1 |    10 ||    12
         Whip              |    45 |    68 |   215 ||   328
   Cast: Confusing Touch   |       |       |    24 ||    24
         Stone Arrow       |       |       |     2 ||     2
         Poisonous Vapours |       |       |     1 ||     1
  Evoke: Wand              |       |     1 |     1 ||     2
    Use: Scroll            |     6 |     3 |     6 ||    15
         Potion            |     2 |       |     2 ||     4
   Stab: Sleeping          |    19 |     4 |    10 ||    33
         Confused          |       |       |     9 ||     9
 Armour: Leather armour    |    19 |       |       ||    19
         Robe              |       |    22 |    90 ||   112
         Skin              |       |     1 |       ||     1
  Dodge: Dodged            |    30 |    47 |   212 ||   289

Table legend: (Time is in decaauts)
 A = Elapsed time spent in this place.
 B = Non-inter-level travel time spent in this place.
 C = Inter-level travel time spent in this place.
 D = Time resting spent in this place.
 E = Time spent auto-exploring this place.
 F = Levels seen in this place.
 G = Mean time per level.
                   A        B        C        D        E       F      G
               +--------+--------+--------+--------+--------+-----+--------+
         Total |   5168 |   5015 |    153 |    437 |   3136 |   9 |  574.2 |
       Dungeon |   5043 |   4899 |    144 |    437 |   3114 |   7 |  720.4 |
        Temple |     18 |      9 |      9 |      0 |      0 |   1 |   18.0 |
        Bailey |    106 |    106 |      0 |      0 |     22 |   1 |  106.0 |
               +--------+--------+--------+--------+--------+-----+--------+

Top non-repeatable levels by time:
     D:6: 1264 daAuts
     D:4: 965 daAuts
     D:5: 841 daAuts
     D:2: 710 daAuts
     D:1: 588 daAuts
     D:3: 538 daAuts
     D:7: 134 daAuts
  Bailey: 106 daAuts
  Temple: 18 daAuts
